Saguenéens vs Sasquatch
Created - December 30, 2018 at 09:52
Goals
|
| Saguenéens |
1 |
1 |
2 |
4 |
| Sasquatch |
0 |
3 |
0 |
3 |
|
Shots
|
| Saguenéens |
9 |
18 |
11 |
38 |
| Sasquatch |
10 |
11 |
8 |
29 |
|
1st period
1. Saguenéens , Luke Witkowski 22 (Carl Hagelin 29, Seth Jones 20) at 6:25
Penalties :
No Penalty
2nd period
2. Sasquatch , Drew Shore 13 (Jesper Fast 16, Dougie Hamilton 30) at 8:46
3. Sasquatch , Nicolas Deslauriers 6 (David Desharnais 6, Sven Andrighetto 4) at 14:03
4. Sasquatch , Teemu Hartikainen 8 (Matt Halischuk 26, Sergey Kalinin 5) at 14:38
5. Saguenéens , Nathan MacKinnon 18 (Tobias Rieder 15) at 15:12
Penalties :
Nick Mattson (Chi) for Interference (Minor) at 11:22
3rd period
6. Saguenéens , Juraj Mikus 7 (Bobby Sanguinetti 16, Carl Hagelin 30) at 4:09
7. Saguenéens , Henrik Samuelsson 2 (Nathan MacKinnon 19, Tobias Rieder 16) at 15:27
Penalties :
Jesper Fast (Gat) for Boarding (Minor) at 10:00, Carl Hagelin (Chi) for Hooking (Minor) at 19:18
Goalie Stats
Martin Jones (Chi), 26 saves from 29 shots - (0.897), W, 12-9-3, 60:00 minutes
Joonas Korpisalo (Gat), 34 saves from 38 shots - (0.895), L, 7-6-1, 59:03 minutes
Players Stats for Saguenéens
Player Name G A P +/- PIM S H SB GA TA FO MP PP MP PK MP
------------------------------------------------------------------------------------
Adam Erne 0 0 0 0 0 0 0 0 0 0 0/0 0:00 0:00 0:00
Bobby Sanguinetti 0 1 1 0 0 3 1 0 1 0 0/0 24:56 1:07 2:03
Calle Andersson 0 0 0 1 0 0 0 0 0 0 0/0 5:43 0:00 0:00
Carl Hagelin 0 2 2 2 2 4 1 2 1 0 0/0 21:40 1:11 1:14
Craig Cunningham 0 0 0 -2 0 1 0 1 0 0 1/1 15:00 0:48 0:36
Dalton Prout 0 0 0 0 0 0 2 1 0 1 0/0 24:56 1:07 2:03
Henrik Samuelsson 1 0 1 1 0 7 0 0 0 0 3/7 9:32 0:00 0:00
Jerry D'Amigo 0 0 0 1 0 1 2 1 0 0 0/0 9:32 0:00 0:00
Juraj Mikus 1 0 1 2 0 2 1 1 0 0 18/27 20:57 1:11 0:29
Kerby Rychel 0 0 0 1 0 1 3 0 0 0 0/0 9:32 0:00 0:00
Luke Witkowski 1 0 1 2 0 4 3 0 2 1 3/4 22:22 1:11 1:55
Mattias Janmark 0 0 0 0 0 0 0 0 0 0 0/0 0:00 0:00 0:00
Mike Sauer 0 0 0 1 0 1 1 0 1 1 0/0 17:31 0:52 0:37
Mikhail Grigorenko 0 0 0 0 0 0 0 0 0 0 0/0 0:00 0:00 0:00
Myles Bell 0 0 0 0 0 0 0 0 0 0 0/0 0:37 0:00 0:37
Nathan MacKinnon 1 1 2 -2 0 2 0 0 0 0 8/11 14:24 0:48 0:00
Nick Mattson 0 0 0 -1 2 0 0 0 0 0 0/0 11:50 0:00 0:00
Nick Paul 0 0 0 0 0 0 0 0 0 0 0/0 0:00 0:00 0:00
Patrick Sieloff 0 0 0 1 0 0 0 0 0 0 0/0 5:43 0:00 0:00
Rhett Rakhshani 0 0 0 0 0 4 2 0 0 0 0/0 12:56 0:00 0:00
Robert Hagg 0 0 0 -1 0 0 0 0 0 0 0/0 11:50 0:00 0:00
Seth Jones 0 1 1 1 0 2 0 0 0 0 0/0 17:31 0:52 0:37
Tanner Richard 0 0 0 0 0 1 3 0 1 1 2/6 12:56 0:00 0:00
Teemu Pulkkinen 0 0 0 0 0 2 0 0 0 0 0/0 12:56 0:00 0:00
Tobias Rieder 0 2 2 -2 0 3 1 0 0 0 0/0 14:54 0:48 0:29
Players Stats for Sasquatch
Player Name G A P +/- PIM S H SB GA TA FO MP PP MP PK MP
------------------------------------------------------------------------------------
Andrew Campbell 0 0 0 1 0 0 0 0 0 0 0/0 12:30 0:00 0:00
Brett Pesce 0 0 0 1 0 0 1 1 0 0 0/0 12:30 0:00 0:00
Brock Trotter 0 0 0 0 0 3 1 0 0 0 0/0 13:55 1:10 0:29
David Desharnais 0 1 1 1 0 0 1 0 0 0 1/2 8:39 0:00 0:00
Devin Shore 0 0 0 0 0 1 1 0 0 0 1/8 12:06 0:00 0:00
Dougie Hamilton 0 1 1 -2 0 3 1 1 1 3 0/0 27:33 1:43 1:16
Drew Shore 1 0 1 -2 0 1 1 2 2 0 11/25 22:05 1:30 1:18
Jeff Skinner 0 0 0 -2 0 6 0 4 1 0 3/4 20:38 1:30 0:00
Jesper Fast 0 1 1 -2 2 4 7 1 0 0 0/0 20:27 1:10 0:00
Martin Marincin 0 0 0 0 0 1 2 0 0 2 0/0 19:35 0:57 0:43
Matt Halischuk 0 1 1 0 0 2 2 0 0 0 0/1 16:48 1:30 0:00
Nicolas Deslauriers 1 0 1 1 0 3 0 0 0 1 0/1 10:02 0:00 1:19
Patrick Wey 0 0 0 -2 0 2 0 1 0 0 0/0 28:03 1:43 1:16
Petr Straka 0 0 0 0 0 0 1 0 0 0 0/0 12:06 0:00 0:00
Sergey Kalinin 0 1 1 0 0 0 2 0 0 0 4/13 17:43 1:10 0:41
Slava Voynov 0 0 0 0 0 0 0 0 0 0 0/0 19:05 0:57 0:43
Sven Andrighetto 0 1 1 1 0 0 2 0 0 0 0/0 8:39 0:00 0:00
Teemu Hartikainen 1 0 1 0 0 3 1 0 0 0 1/2 15:36 0:00 0:11
3 Stars
1 - Luke Witkowski (Chi)
2 - Juraj Mikus (Chi)
3 - Carl Hagelin (Chi)
Power Play
Saguenéens - 0 on 1 Attempt(s) - 0.00%
Sasquatch - 0 on 2 Attempt(s) - 0.00%
Penalty Kill
Saguenéens - 2 on 2 Attempt(s) - 100.00%
- Score 0 goal in Penalty Kill
Sasquatch - 1 on 1 Attempt(s) - 100.00%
- Score 0 goal in Penalty Kill
Team Stat
Saguenéens - Hits : 20 - Faceoff Wins : 35 - Blocked Shots : 6 - Penalty Minutes : 4
Sasquatch - Hits : 23 - Faceoff Wins : 21 - Blocked Shots : 10 - Penalty Minutes : 2
Official
Referees : Unknown
Linesman : Unknown
Game Notes
No Game Note
Finance
Level 1 -- Attendance: 1355 (67.75%) -- Ticket Income $54,200
Level 2 -- Attendance: 794 (79.40%) -- Ticket Income $15,880
Total Attendance: 2149 (71.63%)
Total Ticket Income: $70,080
Other Income: $3,504
Total Income: $73,584
Saguenéens
5 vs 5 Forward
Center Left Wing Right Wing Time % Phy DF OF
1 Juraj Mikus Carl Hagelin Luke Witkowski 40 1 2 2
2 Nathan MacKinnon Craig Cunningham Tobias Rieder 30 1 2 2
3 Tanner Richard Teemu Pulkkinen Rhett Rakhshani 20 1 2 2
4 Henrik Samuelsson Kerby Rychel Jerry D'Amigo 10 1 2 2
5 vs 5 Defense
Defense Defense Time % Phy DF OF
1 Dalton Prout Bobby Sanguinetti 40 1 2 2
2 Seth Jones Mike Sauer 30 1 2 2
3 Nick Mattson Robert Hagg 20 1 2 2
4 Patrick Sieloff Calle Andersson 10 1 2 2
PowerPlay Forward
Center Left Wing Right Wing Time % Phy DF OF
1 Juraj Mikus Carl Hagelin Luke Witkowski 60 1 2 2
2 Nathan MacKinnon Craig Cunningham Tobias Rieder 40 1 2 2
PowerPlay Defense
Defense Defense Time % Phy DF OF
1 Dalton Prout Bobby Sanguinetti 60 1 2 2
2 Seth Jones Mike Sauer 40 1 2 2
Penalty Kill 4 Players Forward
Center Wing Time % Phy DF OF
1 Luke Witkowski Carl Hagelin 60 1 2 2
2 Tobias Rieder Juraj Mikus 40 1 2 2
Penalty Kill 4 Players Defense
Defense Defense Time % Phy DF OF
1 Dalton Prout Bobby Sanguinetti 60 1 2 2
2 Seth Jones Mike Sauer 40 1 2 2
Penalty Kill - 3 Players Forward
Forward Time % Phy DF OF
1 Luke Witkowski 60 1 2 2
2 Carl Hagelin 40 1 2 2
Penalty Kill - 3 Players Defense
Defense Defense Time % Phy DF OF
1 Dalton Prout Bobby Sanguinetti 60 1 2 2
2 Seth Jones Mike Sauer 40 1 2 2
4 vs 4 Forward
Center Wing Time % Phy DF OF
1 Luke Witkowski Carl Hagelin 60 1 2 2
2 Tobias Rieder Juraj Mikus 40 1 2 2
4 vs 4 Defense
Defense Defense Time % Phy DF OF
1 Dalton Prout Bobby Sanguinetti 60 1 2 2
2 Seth Jones Mike Sauer 40 1 2 2
Last Minutes Offensive
Center Left Wing Right Wing Defense Defense
Juraj Mikus Carl Hagelin Luke Witkowski Dalton Prout Bobby Sanguinetti
Last Minutes Defensive
Center Left Wing Right Wing Defense Defense
Juraj Mikus Carl Hagelin Luke Witkowski Dalton Prout Bobby Sanguinetti
Goaltenders
Starting : Martin Jones
Backup : Joe Cannata
Extra Forwards
Normal : Mattias Janmark, Mikhail Grigorenko, Myles Bell - PP : Mattias Janmark, Mikhail Grigorenko - PK : Myles Bell
Extra Defensemen
Normal : Nick Mattson, Robert Hagg, Patrick Sieloff - PP : Nick Mattson - PK : Robert Hagg, Patrick Sieloff
Penalty Shots
Luke Witkowski, Carl Hagelin, Tobias Rieder, Juraj Mikus, Craig Cunningham
Scratches
Kyle Brodziak (Torso Injury), Dylan Labbe (Healthy)
Sasquatch
5 vs 5 Forward
Center Left Wing Right Wing Time % Phy DF OF
1 Drew Shore Jeff Skinner Jesper Fast 40 1 2 2
2 Sergey Kalinin Teemu Hartikainen Matt Halischuk 30 1 2 2
3 Devin Shore Brock Trotter Petr Straka 20 1 2 2
4 David Desharnais Nicolas Deslauriers Sven Andrighetto 10 1 2 2
5 vs 5 Defense
Defense Defense Time % Phy DF OF
1 Patrick Wey Dougie Hamilton 40 1 2 2
2 Martin Marincin Slava Voynov 30 1 2 2
3 Brett Pesce Andrew Campbell 20 1 2 2
4 Patrick Wey Dougie Hamilton 10 1 2 2
PowerPlay Forward
Center Left Wing Right Wing Time % Phy DF OF
1 Drew Shore Jeff Skinner Matt Halischuk 60 1 2 2
2 Sergey Kalinin Brock Trotter Jesper Fast 40 1 2 2
PowerPlay Defense
Defense Defense Time % Phy DF OF
1 Patrick Wey Dougie Hamilton 60 1 2 2
2 Martin Marincin Slava Voynov 40 1 2 2
Penalty Kill 4 Players Forward
Center Wing Time % Phy DF OF
1 Drew Shore Nicolas Deslauriers 60 1 2 2
2 Sergey Kalinin Teemu Hartikainen 40 1 2 2
Penalty Kill 4 Players Defense
Defense Defense Time % Phy DF OF
1 Patrick Wey Dougie Hamilton 60 1 2 2
2 Martin Marincin Slava Voynov 40 1 2 2
Penalty Kill - 3 Players Forward
Forward Time % Phy DF OF
1 Drew Shore 60 1 2 2
2 Sergey Kalinin 40 1 2 2
Penalty Kill - 3 Players Defense
Defense Defense Time % Phy DF OF
1 Patrick Wey Dougie Hamilton 60 1 2 2
2 Martin Marincin Slava Voynov 40 1 2 2
4 vs 4 Forward
Center Wing Time % Phy DF OF
1 Drew Shore Jeff Skinner 60 1 2 2
2 Matt Halischuk Brock Trotter 40 1 2 2
4 vs 4 Defense
Defense Defense Time % Phy DF OF
1 Patrick Wey Dougie Hamilton 60 1 2 2
2 Martin Marincin Slava Voynov 40 1 2 2
Last Minutes Offensive
Center Left Wing Right Wing Defense Defense
Drew Shore Jeff Skinner Jesper Fast Patrick Wey Dougie Hamilton
Last Minutes Defensive
Center Left Wing Right Wing Defense Defense
Drew Shore Jeff Skinner Jesper Fast Patrick Wey Dougie Hamilton
Goaltenders
Starting : Joonas Korpisalo
Backup : Corey Crawford
Extra Forwards
Normal : Drew Shore, Teemu Hartikainen, Nicolas Deslauriers - PP : Drew Shore, Teemu Hartikainen - PK : Nicolas Deslauriers
Extra Defensemen
Normal : Brett Pesce, Andrew Campbell, Martin Marincin - PP : Brett Pesce - PK : Andrew Campbell, Martin Marincin
Penalty Shots
Jeff Skinner, Devin Shore, Petr Straka, Matt Halischuk, Brock Trotter
Scratches
Ryan Dzingel (Healthy), T.J. Tynan (Healthy), Ty Rattie (Healthy), Ryan Pulock (Healthy), Cal Petersen (Healthy)
% Time on Ice - Saguenéens
Lines # - Real PCT - Wanted PCT - Time Play
Normal Forward
1 - 34% - 40% - 18:49
2 - 25% - 30% - 13:37
3 - 24% - 20% - 12:56
4 - 17% - 10% - 9:32
Normal Defense
1 - 39% - 40% - 21:19
2 - 29% - 30% - 16:02
3 - 22% - 20% - 11:50
4 - 10% - 10% - 5:43
PP Forward
1 - 60% - 60% - 1:11
2 - 40% - 40% - 0:48
PP Defense
1 - 56% - 60% - 1:07
2 - 44% - 40% - 0:52
PK Forward
1 - 82% - 60% - 2:11
2 - 18% - 40% - 0:29
PK Defense
1 - 77% - 60% - 2:03
2 - 23% - 40% - 0:37
PK3 Forward
1 - 0% - 60%
2 - 0% - 40%
PK3 Defense
1 - 0% - 60%
2 - 0% - 40%
44 Forward
1 - 0% - 60%
2 - 0% - 40%
44 Defense
1 - 0% - 60%
2 - 0% - 40%
Last Minute Offensive - 0:00
Last Minute Defensive - 0:27
Total
Forward - 60:00
Defense - 60:00
|
% Time on Ice - Sasquatch
Lines # - Real PCT - Wanted PCT - Time Play
Normal Forward
1 - 34% - 40% - 18:45
2 - 28% - 30% - 15:25
3 - 22% - 20% - 12:06
4 - 16% - 10% - 8:39
Normal Defense
1 - 36% - 40% - 19:48
2 - 32% - 30% - 17:25
3 - 23% - 20% - 12:52
4 - 9% - 10% - 4:50
PP Forward
1 - 56% - 60% - 1:30
2 - 44% - 40% - 1:10
PP Defense
1 - 64% - 60% - 1:43
2 - 36% - 40% - 0:57
PK Forward
1 - 91% - 60% - 1:48
2 - 9% - 40% - 0:11
PK Defense
1 - 64% - 60% - 1:16
2 - 36% - 40% - 0:43
PK3 Forward
1 - 0% - 60%
2 - 0% - 40%
PK3 Defense
1 - 0% - 60%
2 - 0% - 40%
44 Forward
1 - 0% - 60%
2 - 0% - 40%
44 Defense
1 - 0% - 60%
2 - 0% - 40%
Last Minute Offensive - 0:26
Last Minute Defensive - 0:00
Total
Forward - 60:00
Defense - 60:00
|
Play by Play
1st period
0:01 of 1st period - Juraj Mikus wins face-off versus Drew Shore in neutral zone.
0:06 of 1st period - Wrist shot by Carl Hagelin.
0:06 of 1st period - Shot Misses the Net.
0:55 of 1st period - Slapshot by Brock Trotter.
0:55 of 1st period - Stopped by Martin Jones with a rebound.
0:57 of 1st period - Snap shot by Patrick Wey.
0:57 of 1st period - Stopped by Martin Jones with a rebound.
1:10 of 1st period - Off-side.
1:11 of 1st period - Henrik Samuelsson wins face-off versus Nicolas Deslauriers in neutral zone.
1:26 of 1st period - Slapshot by Henrik Samuelsson.
1:26 of 1st period - Stopped by Joonas Korpisalo with a rebound.
1:57 of 1st period - Wrist shot by Henrik Samuelsson.
1:57 of 1st period - Shot Misses the Net.
1:59 of 1st period - Snap shot by Henrik Samuelsson.
1:59 of 1st period - Shot Blocked by Brett Pesce.
2:24 of 1st period - Andrew Campbell is hit by Kerby Rychel and loses puck.
2:45 of 1st period - Wrist shot by Nicolas Deslauriers.
2:45 of 1st period - Stopped by Martin Jones without a rebound.
2:46 of 1st period - Drew Shore wins face-off versus Juraj Mikus in Saguenéens zone.
2:53 of 1st period - Snap shot by Drew Shore.
2:53 of 1st period - Shot Misses the Net.
2:55 of 1st period - Slapshot by Patrick Wey.
2:55 of 1st period - Stopped by Martin Jones with a rebound.
2:57 of 1st period - Slapshot by Dougie Hamilton.
2:57 of 1st period - Deflect By Jesper Fast.
2:57 of 1st period - Shot Blocked by Juraj Mikus.
2:57 of 1st period - Puck is out of play.
2:58 of 1st period - Juraj Mikus wins face-off versus Drew Shore in Saguenéens zone.
3:14 of 1st period - Snap shot by Juraj Mikus.
3:14 of 1st period - Shot Blocked by Drew Shore.
3:20 of 1st period - Bobby Sanguinetti is hit by Jesper Fast and loses puck.
4:11 of 1st period - Slapshot by Matt Halischuk.
4:11 of 1st period - Stopped by Martin Jones without a rebound.
4:12 of 1st period - Juraj Mikus wins face-off versus Sergey Kalinin in Saguenéens zone.
4:19 of 1st period - Wrist shot by Carl Hagelin.
4:19 of 1st period - Stopped by Joonas Korpisalo with a rebound.
4:21 of 1st period - Slapshot by Luke Witkowski.
4:21 of 1st period - Stopped by Joonas Korpisalo without a rebound.
4:22 of 1st period - Juraj Mikus wins face-off versus Drew Shore in Sasquatch zone.
4:55 of 1st period - Snap shot by Juraj Mikus.
4:55 of 1st period - Shot Blocked by Jeff Skinner.
4:57 of 1st period - Slapshot by Luke Witkowski.
4:57 of 1st period - Stopped by Joonas Korpisalo with a rebound.
5:11 of 1st period - Snap shot by Carl Hagelin.
5:11 of 1st period - Shot Blocked by Jeff Skinner.
5:13 of 1st period - Slapshot by Luke Witkowski.
5:13 of 1st period - Shot Blocked by Jesper Fast.
5:15 of 1st period - Snap shot by Luke Witkowski.
5:15 of 1st period - Shot Misses the Net.
5:17 of 1st period - Slapshot by Mike Sauer.
5:17 of 1st period - Shot Misses the Net.
6:03 of 1st period - Wrist shot by Luke Witkowski.
6:03 of 1st period - Shot Misses the Net.
6:21 of 1st period - Wrist shot by Carl Hagelin.
6:21 of 1st period - Shot Blocked by Patrick Wey.
6:23 of 1st period - Snap shot by Luke Witkowski.
6:23 of 1st period - Stopped by Joonas Korpisalo with a rebound.
6:25 of 1st period - Snap shot by Luke Witkowski.
6:25 of 1st period - Goal by Luke Witkowski - Saguenéens : 1 - Sasquatch : 0.
6:26 of 1st period - Nathan MacKinnon wins face-off versus Sergey Kalinin in neutral zone.
6:41 of 1st period - Wrist shot by Teemu Hartikainen.
6:41 of 1st period - Shot Misses the Net.
6:53 of 1st period - Tanner Richard is hit by Martin Marincin and loses puck.
7:00 of 1st period - Wrist shot by Brock Trotter.
7:00 of 1st period - Stopped by Martin Jones without a rebound.
7:01 of 1st period - Nathan MacKinnon wins face-off versus Devin Shore in Saguenéens zone.
7:01 of 1st period - Nathan MacKinnon is hit by Brett Pesce.
7:16 of 1st period - Snap shot by Brock Trotter.
7:16 of 1st period - Shot Misses the Net.
7:33 of 1st period - Slapshot by Teemu Hartikainen.
7:33 of 1st period - Stopped by Martin Jones with a rebound.
7:35 of 1st period - Wrist shot by Matt Halischuk.
7:35 of 1st period - Stopped by Martin Jones without a rebound.
7:36 of 1st period - Teemu Hartikainen wins face-off versus Tanner Richard in Saguenéens zone.
8:45 of 1st period - Snap shot by Teemu Pulkkinen.
8:45 of 1st period - Deflect By Rhett Rakhshani.
8:45 of 1st period - Stopped by Joonas Korpisalo with a rebound.
9:49 of 1st period - Snap shot by Teemu Hartikainen.
9:49 of 1st period - Shot Misses the Net.
10:01 of 1st period - Dougie Hamilton is hit by Tanner Richard and loses puck.
11:30 of 1st period - Wrist shot by Nathan MacKinnon.
11:30 of 1st period - Shot Blocked by Dougie Hamilton.
11:32 of 1st period - Wrist shot by Patrick Sieloff.
11:32 of 1st period - Shot Misses the Net.
11:54 of 1st period - Snap shot by Tobias Rieder.
11:54 of 1st period - Stopped by Joonas Korpisalo without a rebound.
11:55 of 1st period - Juraj Mikus wins face-off versus Sergey Kalinin in Sasquatch zone.
12:06 of 1st period - Martin Marincin is hit by Juraj Mikus and loses puck.
12:47 of 1st period - Sven Andrighetto is hit by Jerry D'Amigo and loses puck.
13:02 of 1st period - Nick Mattson is hit by Sergey Kalinin and loses puck.
13:21 of 1st period - Devin Shore is hit by Rhett Rakhshani and loses puck.
15:37 of 1st period - Bobby Sanguinetti is hit by Jesper Fast and loses puck.
16:06 of 1st period - Andrew Campbell is hit by Jerry D'Amigo and loses puck.
16:29 of 1st period - Dalton Prout is hit by Jesper Fast.
17:43 of 1st period - Bobby Sanguinetti is hit by Sven Andrighetto and loses puck.
18:20 of 1st period - Jerry D'Amigo is hit by David Desharnais and loses puck.
18:57 of 1st period - Off-side.
18:58 of 1st period - Jeff Skinner wins face-off versus Juraj Mikus in neutral zone.
19:07 of 1st period - Slapshot by Jesper Fast.
19:07 of 1st period - Stopped by Martin Jones with a rebound.
19:28 of 1st period - Snap shot by Rhett Rakhshani.
19:28 of 1st period - Stopped by Joonas Korpisalo without a rebound.
19:29 of 1st period - Sergey Kalinin wins face-off versus Tanner Richard in Sasquatch zone.
19:41 of 1st period - Off-side.
19:42 of 1st period - Drew Shore wins face-off versus Juraj Mikus in neutral zone.
19:55 of 1st period - Snap shot by Jeff Skinner.
19:55 of 1st period - Stopped by Martin Jones without a rebound.
19:56 of 1st period - Sergey Kalinin wins face-off versus Juraj Mikus in Saguenéens zone.
Goals for this period are 1 for Saguenéens vs 0 for Sasquatch.
Shots for this period are 9 for Saguenéens vs 10 for Sasquatch.
2nd period
0:01 of 2nd period - Juraj Mikus wins face-off versus Sergey Kalinin in neutral zone.
0:06 of 2nd period - Snap shot by Bobby Sanguinetti.
0:06 of 2nd period - Shot Misses the Net.
0:34 of 2nd period - Snap shot by Tobias Rieder.
0:34 of 2nd period - Stopped by Joonas Korpisalo with a rebound.
1:02 of 2nd period - Slapshot by Tanner Richard.
1:02 of 2nd period - Stopped by Joonas Korpisalo with a rebound.
1:18 of 2nd period - Wrist shot by Henrik Samuelsson.
1:18 of 2nd period - Stopped by Joonas Korpisalo without a rebound.
1:19 of 2nd period - Drew Shore wins face-off versus Henrik Samuelsson in Sasquatch zone.
1:26 of 2nd period - Snap shot by Seth Jones.
1:26 of 2nd period - Shot Misses the Net.
1:28 of 2nd period - Slapshot by Mike Sauer.
1:28 of 2nd period - Shot Blocked by Jeff Skinner.
1:30 of 2nd period - Wrist shot by Henrik Samuelsson.
1:30 of 2nd period - Stopped by Joonas Korpisalo without a rebound.
1:31 of 2nd period - Juraj Mikus wins face-off versus Sergey Kalinin in Sasquatch zone.
1:38 of 2nd period - Snap shot by Carl Hagelin.
1:38 of 2nd period - Stopped by Joonas Korpisalo with a rebound.
1:40 of 2nd period - Wrist shot by Carl Hagelin.
1:40 of 2nd period - Stopped by Joonas Korpisalo without a rebound.
1:41 of 2nd period - Juraj Mikus wins face-off versus Teemu Hartikainen in Sasquatch zone.
2:12 of 2nd period - Seth Jones is hit by Teemu Hartikainen and loses puck.
2:23 of 2nd period - Dougie Hamilton is hit by Carl Hagelin and loses puck.
3:08 of 2nd period - Dougie Hamilton is hit by Luke Witkowski and loses puck.
3:19 of 2nd period - Seth Jones is hit by Dougie Hamilton and loses puck.
4:45 of 2nd period - Wrist shot by Teemu Hartikainen.
4:45 of 2nd period - Deflect By Carl Hagelin.
4:45 of 2nd period - Stopped by Martin Jones without a rebound.
4:46 of 2nd period - Drew Shore wins face-off versus Nathan MacKinnon in Saguenéens zone.
4:49 of 2nd period - Wrist shot by Jesper Fast.
4:49 of 2nd period - Stopped by Martin Jones with a rebound.
5:27 of 2nd period - Icing by Kerby Rychel.
5:28 of 2nd period - Devin Shore wins face-off versus Henrik Samuelsson in Saguenéens zone.
5:35 of 2nd period - Wrist shot by Petr Straka.
5:35 of 2nd period - Shot Misses the Net.
5:54 of 2nd period - Off-side.
5:55 of 2nd period - Nathan MacKinnon wins face-off versus David Desharnais in neutral zone.
6:41 of 2nd period - Slapshot by Bobby Sanguinetti.
6:41 of 2nd period - Stopped by Joonas Korpisalo without a rebound.
6:42 of 2nd period - Henrik Samuelsson wins face-off versus Devin Shore in Sasquatch zone.
6:45 of 2nd period - Wrist shot by Henrik Samuelsson.
6:45 of 2nd period - Stopped by Joonas Korpisalo without a rebound.
6:46 of 2nd period - Jeff Skinner wins face-off versus Nathan MacKinnon in Sasquatch zone.
7:38 of 2nd period - Wrist shot by Jerry D'Amigo.
7:38 of 2nd period - Shot Misses the Net.
7:44 of 2nd period - Slapshot by Jerry D'Amigo.
7:44 of 2nd period - Stopped by Joonas Korpisalo without a rebound.
7:45 of 2nd period - Craig Cunningham wins face-off versus Drew Shore in Sasquatch zone.
8:14 of 2nd period - Off-side.
8:15 of 2nd period - Tanner Richard wins face-off versus Devin Shore in neutral zone.
8:26 of 2nd period - Snap shot by Teemu Pulkkinen.
8:26 of 2nd period - Stopped by Joonas Korpisalo with a rebound.
8:28 of 2nd period - Snap shot by Seth Jones.
8:28 of 2nd period - Shot Misses the Net.
8:30 of 2nd period - Wrist shot by Mike Sauer.
8:30 of 2nd period - Deflect By Brock Trotter.
8:30 of 2nd period - Stopped by Joonas Korpisalo without a rebound.
8:31 of 2nd period - Nathan MacKinnon wins face-off versus Drew Shore in Sasquatch zone.
8:46 of 2nd period - Wrist shot by Drew Shore.
8:46 of 2nd period - Goal by Drew Shore - Saguenéens : 1 - Sasquatch : 1.
8:47 of 2nd period - Drew Shore wins face-off versus Nathan MacKinnon in neutral zone.
8:52 of 2nd period - Snap shot by Jesper Fast.
8:52 of 2nd period - Stopped by Martin Jones with a rebound.
9:12 of 2nd period - Sergey Kalinin is hit by Dalton Prout and loses puck.
9:55 of 2nd period - Kerby Rychel is hit by Martin Marincin and loses puck.
10:18 of 2nd period - Wrist shot by Teemu Hartikainen.
10:18 of 2nd period - Shot Blocked by Craig Cunningham.
10:48 of 2nd period - Slapshot by Nicolas Deslauriers.
10:48 of 2nd period - Stopped by Martin Jones with a rebound.
11:04 of 2nd period - Petr Straka is hit by Tanner Richard and loses puck.
11:22 of 2nd period - Minor Penalty to Nick Mattson for Interference.
11:23 of 2nd period - Jeff Skinner wins face-off versus Luke Witkowski in Saguenéens zone.
11:27 of 2nd period - Snap shot by Matt Halischuk.
11:27 of 2nd period - Deflect By Drew Shore.
11:27 of 2nd period - Shot Misses the Net.
11:27 of 2nd period - Puck is out of play.
11:28 of 2nd period - Luke Witkowski wins face-off versus Drew Shore in Saguenéens zone.
12:00 of 2nd period - Snap shot by Matt Halischuk.
12:00 of 2nd period - Shot Blocked by Dalton Prout.
12:04 of 2nd period - Wrist shot by Jeff Skinner.
12:04 of 2nd period - Stopped by Martin Jones with a rebound.
12:06 of 2nd period - Snap shot by Jeff Skinner.
12:06 of 2nd period - Stopped by Martin Jones without a rebound.
12:07 of 2nd period - Luke Witkowski wins face-off versus Sergey Kalinin in Saguenéens zone.
13:22 of 2nd period - Penalty to Nick Mattson is over, Nick Mattson is back on ice.
13:56 of 2nd period - Tobias Rieder is hit by Sven Andrighetto and loses puck.
14:03 of 2nd period - Snap shot by Nicolas Deslauriers.
14:03 of 2nd period - Goal by Nicolas Deslauriers - Saguenéens : 1 - Sasquatch : 2.
14:04 of 2nd period - Drew Shore wins face-off versus Juraj Mikus in neutral zone.
14:31 of 2nd period - Tobias Rieder is hit by Matt Halischuk and loses puck.
14:38 of 2nd period - Wrist shot by Teemu Hartikainen.
14:38 of 2nd period - Goal by Teemu Hartikainen - Saguenéens : 1 - Sasquatch : 3.
14:39 of 2nd period - Drew Shore wins face-off versus Juraj Mikus in neutral zone.
14:44 of 2nd period - Wrist shot by Jeff Skinner.
14:44 of 2nd period - Shot Misses the Net.
14:46 of 2nd period - Slapshot by Dougie Hamilton.
14:46 of 2nd period - Stopped by Martin Jones with a rebound.
15:12 of 2nd period - Slapshot by Nathan MacKinnon.
15:12 of 2nd period - Goal by Nathan MacKinnon - Saguenéens : 2 - Sasquatch : 3.
15:13 of 2nd period - Juraj Mikus wins face-off versus Drew Shore in neutral zone.
15:29 of 2nd period - Juraj Mikus is hit by Jesper Fast and loses puck.
15:46 of 2nd period - Nathan MacKinnon is hit by Matt Halischuk and loses puck.
15:53 of 2nd period - Dougie Hamilton is hit by Tobias Rieder and loses puck.
16:16 of 2nd period - Slapshot by Brock Trotter.
16:16 of 2nd period - Stopped by Martin Jones with a rebound.
16:50 of 2nd period - Slapshot by Juraj Mikus.
16:50 of 2nd period - Stopped by Joonas Korpisalo without a rebound.
16:51 of 2nd period - Drew Shore wins face-off versus Juraj Mikus in Sasquatch zone.
17:25 of 2nd period - Slapshot by Bobby Sanguinetti.
17:25 of 2nd period - Shot Misses the Net.
17:27 of 2nd period - Wrist shot by Craig Cunningham.
17:27 of 2nd period - Stopped by Joonas Korpisalo with a rebound.
17:37 of 2nd period - Snap shot by Henrik Samuelsson.
17:37 of 2nd period - Stopped by Joonas Korpisalo without a rebound.
17:38 of 2nd period - Henrik Samuelsson wins face-off versus Devin Shore in Sasquatch zone.
17:39 of 2nd period - Snap shot by Jerry D'Amigo.
17:39 of 2nd period - Deflect By Kerby Rychel.
17:39 of 2nd period - Stopped by Joonas Korpisalo with a rebound.
17:58 of 2nd period - Icing by Dougie Hamilton.
17:59 of 2nd period - Juraj Mikus wins face-off versus Devin Shore in Sasquatch zone.
18:02 of 2nd period - Snap shot by Juraj Mikus.
18:02 of 2nd period - Shot Hit the Post.
18:29 of 2nd period - Snap shot by Rhett Rakhshani.
18:29 of 2nd period - Deflect By Teemu Pulkkinen.
18:29 of 2nd period - Stopped by Joonas Korpisalo with a rebound.
19:07 of 2nd period - Matt Halischuk is hit by Luke Witkowski and loses puck.
19:53 of 2nd period - Wrist shot by Henrik Samuelsson.
19:53 of 2nd period - Stopped by Joonas Korpisalo without a rebound.
19:54 of 2nd period - Drew Shore wins face-off versus Henrik Samuelsson in Sasquatch zone.
Goals for this period are 1 for Saguenéens vs 3 for Sasquatch.
Shots for this period are 18 for Saguenéens vs 11 for Sasquatch.
3rd period
0:01 of 3rd period - Juraj Mikus wins face-off versus Drew Shore in neutral zone.
0:03 of 3rd period - Off-side.
0:04 of 3rd period - Juraj Mikus wins face-off versus Drew Shore in neutral zone.
0:42 of 3rd period - Snap shot by Carl Hagelin.
0:42 of 3rd period - Stopped by Joonas Korpisalo without a rebound.
0:43 of 3rd period - Nathan MacKinnon wins face-off versus Sergey Kalinin in Sasquatch zone.
1:08 of 3rd period - Martin Marincin is hit by Rhett Rakhshani and loses puck.
1:35 of 3rd period - Snap shot by Petr Straka.
1:35 of 3rd period - Shot Misses the Net.
1:37 of 3rd period - Slapshot by Brock Trotter.
1:37 of 3rd period - Shot Blocked by Jerry D'Amigo.
1:53 of 3rd period - Snap shot by Dougie Hamilton.
1:53 of 3rd period - Stopped by Martin Jones without a rebound.
1:54 of 3rd period - David Desharnais wins face-off versus Juraj Mikus in Saguenéens zone.
2:00 of 3rd period - Icing by Juraj Mikus.
2:01 of 3rd period - Drew Shore wins face-off versus Juraj Mikus in Saguenéens zone.
2:16 of 3rd period - Juraj Mikus is hit by Jesper Fast and loses puck.
2:44 of 3rd period - Wrist shot by Jesper Fast.
2:44 of 3rd period - Stopped by Martin Jones with a rebound.
3:32 of 3rd period - Wrist shot by Jeff Skinner.
3:32 of 3rd period - Shot Misses the Net.
3:55 of 3rd period - Slapshot by Dougie Hamilton.
3:55 of 3rd period - Shot Blocked by Carl Hagelin.
4:07 of 3rd period - Slapshot by Bobby Sanguinetti.
4:07 of 3rd period - Stopped by Joonas Korpisalo with a rebound.
4:09 of 3rd period - Slapshot by Juraj Mikus.
4:09 of 3rd period - Goal by Juraj Mikus - Saguenéens : 3 - Sasquatch : 3.
4:10 of 3rd period - Nathan MacKinnon wins face-off versus Sergey Kalinin in neutral zone.
4:40 of 3rd period - Snap shot by Martin Marincin.
4:40 of 3rd period - Stopped by Martin Jones without a rebound.
4:41 of 3rd period - Tanner Richard wins face-off versus Devin Shore in Saguenéens zone.
4:46 of 3rd period - Robert Hagg is hit by Petr Straka and loses puck.
4:57 of 3rd period - Devin Shore is hit by Tanner Richard and loses puck.
5:50 of 3rd period - Rhett Rakhshani is hit by Devin Shore and loses puck.
6:15 of 3rd period - Sven Andrighetto is hit by Kerby Rychel and loses puck.
6:34 of 3rd period - Teemu Hartikainen is hit by Mike Sauer and loses puck.
6:58 of 3rd period - Icing by Matt Halischuk.
6:59 of 3rd period - Sergey Kalinin wins face-off versus Tanner Richard in Sasquatch zone.
7:24 of 3rd period - Off-side.
7:25 of 3rd period - Nathan MacKinnon wins face-off versus Drew Shore in neutral zone.
7:28 of 3rd period - Slapshot by Seth Jones.
7:28 of 3rd period - Deflect By Dougie Hamilton.
7:28 of 3rd period - Stopped by Joonas Korpisalo with a rebound.
7:30 of 3rd period - Wrist shot by Tobias Rieder.
7:30 of 3rd period - Shot Blocked by Drew Shore.
7:38 of 3rd period - Slapshot by Tobias Rieder.
7:38 of 3rd period - Shot Misses the Net.
7:40 of 3rd period - Snap shot by Nathan MacKinnon.
7:40 of 3rd period - Shot Blocked by Jeff Skinner.
7:54 of 3rd period - Slapshot by Rhett Rakhshani.
7:54 of 3rd period - Stopped by Joonas Korpisalo with a rebound.
7:56 of 3rd period - Slapshot by Bobby Sanguinetti.
7:56 of 3rd period - Stopped by Joonas Korpisalo without a rebound.
7:57 of 3rd period - Sergey Kalinin wins face-off versus Tanner Richard in Sasquatch zone.
7:57 of 3rd period - Sergey Kalinin is hit by Dalton Prout.
8:07 of 3rd period - Bobby Sanguinetti is hit by Sergey Kalinin and loses puck.
8:25 of 3rd period - Off-side.
8:26 of 3rd period - Nathan MacKinnon wins face-off versus Devin Shore in neutral zone.
9:52 of 3rd period - Craig Cunningham is hit by Drew Shore and loses puck.
10:00 of 3rd period - Minor Penalty to Jesper Fast for Boarding.
10:01 of 3rd period - Juraj Mikus wins face-off versus Drew Shore in Sasquatch zone.
10:17 of 3rd period - Slapshot by Seth Jones.
10:17 of 3rd period - Stopped by Joonas Korpisalo without a rebound.
10:18 of 3rd period - Juraj Mikus wins face-off versus Drew Shore in Sasquatch zone.
11:20 of 3rd period - Icing by Mike Sauer.
11:21 of 3rd period - Juraj Mikus wins face-off versus Sergey Kalinin in Saguenéens zone.
12:00 of 3rd period - Penalty to Jesper Fast is over, Jesper Fast is back on ice.
12:10 of 3rd period - Snap shot by Rhett Rakhshani.
12:10 of 3rd period - Stopped by Joonas Korpisalo with a rebound.
12:12 of 3rd period - Slapshot by Bobby Sanguinetti.
12:12 of 3rd period - Shot Misses the Net.
12:32 of 3rd period - Andrew Campbell is hit by Kerby Rychel and loses puck.
13:22 of 3rd period - Wrist shot by Petr Straka.
13:22 of 3rd period - Shot Misses the Net.
14:03 of 3rd period - Luke Witkowski is hit by Jesper Fast and loses puck.
15:17 of 3rd period - Wrist shot by Matt Halischuk.
15:17 of 3rd period - Shot Misses the Net.
15:27 of 3rd period - Wrist shot by Henrik Samuelsson.
15:27 of 3rd period - Goal by Henrik Samuelsson - Saguenéens : 4 - Sasquatch : 3.
15:28 of 3rd period - Juraj Mikus wins face-off versus Drew Shore in neutral zone.
16:17 of 3rd period - Bobby Sanguinetti is hit by Brock Trotter and loses puck.
16:36 of 3rd period - Jesper Fast is hit by Luke Witkowski and loses puck.
16:57 of 3rd period - Snap shot by Tobias Rieder.
16:57 of 3rd period - Stopped by Joonas Korpisalo with a rebound.
17:18 of 3rd period - Icing by Mike Sauer.
17:19 of 3rd period - Drew Shore wins face-off versus Henrik Samuelsson in Saguenéens zone.
17:28 of 3rd period - Slapshot by Jeff Skinner.
17:28 of 3rd period - Stopped by Martin Jones without a rebound.
17:29 of 3rd period - Juraj Mikus wins face-off versus Drew Shore in Saguenéens zone.
17:42 of 3rd period - Carl Hagelin is hit by Jesper Fast and loses puck.
18:00 of 3rd period - Wrist shot by Nathan MacKinnon.
18:00 of 3rd period - Stopped by Joonas Korpisalo with a rebound.
18:16 of 3rd period - Wrist shot by Brock Trotter.
18:16 of 3rd period - Deflect By Devin Shore.
18:16 of 3rd period - Stopped by Martin Jones with a rebound.
19:03 of 3rd period - Sasquatch, Joonas Korpisalo is pulled from the net.
19:05 of 3rd period - Snap shot by Jeff Skinner.
19:05 of 3rd period - Shot Misses the Net.
19:07 of 3rd period - Snap shot by Drew Shore.
19:07 of 3rd period - Shot Blocked by Carl Hagelin.
19:11 of 3rd period - Wrist shot by Drew Shore.
19:11 of 3rd period - Deflect By Jeff Skinner.
19:11 of 3rd period - Stopped by Martin Jones with a rebound.
19:13 of 3rd period - Slapshot by Dougie Hamilton.
19:13 of 3rd period - Stopped by Martin Jones with a rebound.
19:15 of 3rd period - Backhand shot by Dougie Hamilton.
19:15 of 3rd period - Deflect By Jeff Skinner.
19:15 of 3rd period - Stopped by Martin Jones without a rebound.
19:16 of 3rd period - Dave Tippett call a timeout for Sasquatch.
19:16 of 3rd period - Juraj Mikus wins face-off versus Jeff Skinner in Saguenéens zone.
19:18 of 3rd period - Minor Penalty to Carl Hagelin for Hooking.
19:19 of 3rd period - Luke Witkowski wins face-off versus Matt Halischuk in Saguenéens zone.
19:35 of 3rd period - Wrist shot by Matt Halischuk.
19:35 of 3rd period - Shot Misses the Net.
19:45 of 3rd period - Brock Trotter is hit by Bobby Sanguinetti and loses puck.
Goals for this period are 2 for Saguenéens vs 0 for Sasquatch.
Shots for this period are 11 for Saguenéens vs 8 for Sasquatch.
Back to the Top